 Dungeon Crawl Stone Soup version 0.20.1-1-g8b1a95d66d (webtiles) character file.

220 Popi the Skirmisher (level 6, -5/51 HPs)
             Began as a Human Fighter on Dec 17, 2017.
             Slain by Popi's ghost (11 damage)
             ... on level 3 of the Dungeon.
             The game lasted 00:04:35 (2008 turns).

Popi the Skirmisher (Human Fighter)                 Turns: 2008, Time: 00:04:37

Health: -5/51      AC:  6    Str: 18    XL:     6   Next: 18%
Magic:  6/6        EV:  9    Int:  9    God:
Gold:   132        SH:  0    Dex: 12    Spells: 5/5 levels left

rFire    . . .     SeeInvis .   a - +0 long sword
rCold    . . .     Gourm    .   (no shield)
rNeg     . . .     Faith    .   b - +0 scale mail
rPois    .         Spirit   .   (no helmet)
rElec    .         Reflect  .   (no cloak)
rCorr    .         Harm     .   (no gloves)
MR       +....                  (no boots)
Stlth    ..........             (no amulet)
Regen    0.2/turn               e - ring of wizardry
MPRegen  0.1/turn               t - ring of protection from magic

@: confused
A: mutation resistance 1, MP-powered wands
a: no special abilities


You were on level 3 of the Dungeon.
You were not hungry.

You visited 1 branch of the dungeon, and saw 3 of its levels.

You collected 132 gold pieces.

Inventory:

Hand Weapons
 a - a +0 long sword (weapon)
Armour
 b - a +0 scale mail (worn)
 c - a +0 shield
Jewellery
 e - a ring of wizardry (left hand)
 t - a ring of protection from magic (right hand)
Wands
 o - a wand of polymorph (9/24)
Scrolls
 g - 4 scrolls of fog {unknown}
 i - 5 scrolls of remove curse {unknown}
 p - 4 scrolls of identify {unknown}
 q - a scroll of blinking {unknown}
Potions
 d - a potion of might
 h - a potion of ambrosia
 k - a potion of mutation
 l - 3 potions of haste {unknown}
 m - 2 potions of heal wounds {unknown}
 n - a potion of magic {unknown}
 s - a potion of brilliance {unknown}
Comestibles
 f - a bread ration
 j - 4 fruits
 r - a royal jelly


   Skills:
 - Level 5.0 Fighting
 - Level 4.0 Long Blades
 - Level 3.1 Armour
 + Level 0.6 Dodging
 - Level 3.2 Shields


You had 5 spell levels left.
You didn't know any spells.

Dungeon Overview and Level Annotations

Branches:
Dungeon (2/15)

Altars:
Dithmenos
Fedhas
Okawaru

Annotations:
D:3 Popi's ghost, amateur HuFi


Innate Abilities, Weirdness & Mutations

You are somewhat resistant to further mutation.
You expend magic power (3 MP) to strengthen your wands.


Message History

The bullfrog hits you.
* * * LOW HITPOINT WARNING * * *
You see here a stone.
The bullfrog hits you.
* * * LOW HITPOINT WARNING * * *
The bullfrog hits you but does no damage.
It was a potion of ambrosia.
You are confused.
You feel invigorated. The bullfrog hits you.
* * * LOW HITPOINT WARNING * * *
Popi's ghost wails, "To die, to sleep, no more."
The bullfrog closely misses you.
It was a potion of mutation.
You feel extremely strange.
You feel genetically stable.
You feel your magical essence link to your wands.
The bullfrog hits you.
* * * LOW HITPOINT WARNING * * *
Popi's ghost wails, "I have seen your future, and it is all used up."
Popi's ghost hits you!
You die...

#.# #####.....
#.#######.........
#######+##+#.#...............
#...........>'...............
#............#............###
#............#............#
#......).....#............#
#....................###+####
#...........@........+ .....
#...........FW.......# .....
#....................######..
#....................#.......
#....##'##+#.........# #.....
#....##.##.#(........ #.....
#####....##.##.#(.......
#.....
#.........#.##......##..
#.....
#.#######.#.##......###.#
#.....


You could see a bullfrog and Popi's ghost.

Vanquished Creatures
  A centaur (D:3)
  6 adders
  2 oozes (D:1)
  2 worms (D:2)
  A dart slug (D:1)
  A leopard gecko (D:2)
  2 orcs (D:3)
  A ball python (D:1)
  8 bats (D:1)
  4 giant cockroaches
  4 goblins
  12 hobgoblins
  4 jackals (D:1)
  7 kobolds
  A quokka (D:2)
  6 frilled lizards
  9 rats
71 creatures vanquished.

Notes
Turn   | Place    | Note
-------+----------+-------------------------------------------
     0 | D:1      | Popi the Human Fighter began the quest for the Orb.
     0 | D:1      | Reached XP level 1. HP: 18/18 MP: 1/1
    12 | D:1      | Noticed a wolf
    12 | D:1      | Noticed a crocodile
    12 | D:1      | Noticed a rime drake
    12 | D:1      | Noticed a water moccasin
    36 | D:1      | Reached XP level 2. HP: 23/24 MP: 2/2
   159 | D:1      | Reached XP level 3. HP: 29/29 MP: 3/3
   603 | D:1      | Reached XP level 4. HP: 35/35 MP: 4/4
   850 | D:2      | Found a blossoming altar of Fedhas.
  1229 | D:2      | Reached XP level 5. HP: 34/41 MP: 5/5
  1407 | D:2      | Found an iron altar of Okawaru.
  1514 | D:2      | You fall through a shaft!
  1516 | D:3      | Found a shadowy altar of Dithmenos.
  1535 | D:3      | Noticed a centaur
  1543 | D:3      | Killed a centaur
  1543 | D:3      | Reached skill level 4 in Fighting
  1543 | D:3      | Reached XP level 6. HP: 14/50 MP: 6/6
  1915 | D:3      | Reached skill level 5 in Fighting
  1982 | D:3      | Noticed Popi's ghost (amateur HuFi)
  2003 | D:3      | HP: 1/51 [bullfrog (5)]
  2008 | D:3      | Gained mutation: You are somewhat resistant to further mutation. [potion of mutation]
  2008 | D:3      | Gained mutation: You expend magic power (3 MP) to strengthen your wands. [potion of mutation]
  2008 | D:3      | Slain by Popi's ghost

Skill      XL: |  1  2  3  4  5  6 |
---------------+-------------------+-----
Long Blades    | 3 4 |  4.0
Fighting       | 4 5 |  5.0
Armour         | |  3.1
Dodging        | |  0.6
Shields        | |  3.2

Action                   |  1- 3 |  4- 6 || total
-------------------------+-------+-------++-------
Melee: Long sword        |    80 |   141 ||   221
  Use: Potion            |       |     2 ||     2
  Eat: Chunk             |       |     4 ||     4
Armor: Scale mail        |    47 |    73 ||   120
Dodge: Dodged            |    62 |    80 ||   142
       Rpst.: Long sword |    18 |    22 ||    40
